Map: 2000 Atmospheres LE

Players

ShotUpInsuln

  • Race: Protoss Protoss
  • League: Diamond

ViBE - Winner!

  • Race: Zerg Zerg
  • League: Master

VOD

Have the link to the VOD?

Description

Time

  • Played on: May 5, 2021, 9:38 p.m.
  • Length: 11:21
Show
View Real Time Build Order
Export as new Build Order

ShotUpInsuln Protoss 

Build Orders:  

Get SALT Encoding   

  12  0:00  Probe  
  13  0:12  Probe  
  14  0:19  Pylon  
  14  0:24  Probe  
  15  0:37  Probe  
  15  0:39  Gateway  
  16  0:52  Probe, Forge  
  17  1:08  Probe  
  18  1:19  Assimilator  
  18  1:30  Pylon  
  18  1:32  Pylon  
  18  1:36  Probe  
  18  1:39  Pylon  
  19  1:44  Cybernetics Core  
  19  1:50  Photon Cannon  
  19  1:53  Photon Cannon  
  19  2:00  Probe  
  20  2:08  Photon Cannon  
  19  2:22  Photon Cannon  
  19  2:24  Probe  
  20  2:36  Probe  
  21  2:53  Stalker (Chrono Boost)  
  21  2:54  Probe  
  24  3:12  Pylon  
  23  3:31  Photon Cannon  
  23  3:33  Robotics Facility  
  23  3:37  Photon Cannon, Shield Battery  
  23  3:39  Pylon  
  23  3:41  Photon Cannon  
  23  3:44  Shield Battery  
  23  3:47  Photon Cannon  
  23  3:54  Stalker  
  24  4:05  Photon Cannon  
  24  4:20  Photon Cannon  
  24  4:21  Immortal (Chrono Boost)  
  28  4:32  Shield Battery  
  28  4:41  Probe  
  29  4:46  Shield Battery  
  29  4:56  Observer (Chrono Boost)  
  30  5:01  Photon Cannon  
  30  5:04  Pylon  
  30  5:16  Shield Battery  
  30  5:22  Warp Prism (Chrono Boost)  
  32  5:39  Shield Battery  
  32  5:41  Shield Battery  
  32  5:54  Immortal (Chrono Boost)  
  36  6:07  Shield Battery  
  36  6:13  Photon Cannon  
  36  6:31  Immortal (Chrono Boost)  
  40  6:41  Shield Battery  
  40  6:43  Shield Battery  
  40  6:48  Pylon  
  38  7:10  Immortal  
  38  7:14  Shield Battery  
  42  7:16  Shield Battery  
  38  7:29  Shield Battery  
  38  7:31  Pylon  
  38  7:43  Shield Battery  
  37  7:45  Shield Battery  
  37  7:46  Shield Battery  
  34  7:55  Immortal (Chrono Boost)  
  38  8:04  Pylon  
  38  8:06  Pylon  
  38  8:40  Pylon  
  38  8:55  Warp Prism (Chrono Boost)  
  38  8:57  Shield Battery  
  38  8:58  Shield Battery  
  38  9:00  Shield Battery  
  38  9:01  Pylon  
  40  9:08  Shield Battery  
  39  9:18  Shield Battery x2  
  38  9:37  Immortal (Chrono Boost)  
  41  10:30  Shield Battery  
  41  10:31  Shield Battery  
  41  10:32  Shield Battery  
  41  10:35  Shield Battery  
Show
View Real Time Build Order
Export as new Build Order

ViBE Zerg - Winner!

Build Orders: Hatch First 

Get SALT Encoding   

  12  0:00  Drone  
  13  0:14  Overlord  
  13  0:20  Drone  
  14  0:33  Drone x2  
  16  0:49  Hatchery  
  15  0:52  Drone  
  15  0:56  Drone  
  17  1:00  Drone  
  18  1:14  Spawning Pool  
  18  1:17  Drone  
  18  1:21  Drone  
  19  1:31  Drone  
  20  2:01  Zergling x4  
  22  2:02  Queen x2, Zergling x2  
  22  2:03  Zergling x2  
  28  2:13  Spine Crawler  
  27  2:26  Zergling x2  
  27  2:27  Overlord  
  23  3:07  Zergling x12  
  28  3:20  Drone x2, Queen x2  
  33  3:32  Overlord  
  33  3:33  Overlord  
  33  3:47  Extractor  
  32  4:02  Drone x3  
  34  4:08  Drone  
  34  4:09  Drone x6  
  41  4:10  Extractor, Roach Warren  
  41  4:12  Hatchery  
  41  4:14  Drone  
  39  4:18  Drone  
  40  4:34  Overlord x3  
  39  4:45  Drone x4  
  40  4:46  Overlord  
  43  4:58  Overlord x2  
  43  5:01  Overlord x2  
  41  5:11  Roach  
  41  5:12  Roach  
  44  5:14  Roach  
  44  5:15  Roach  
  48  5:25  Roach x2  
  52  5:32  Roach  
  52  5:33  Roach x3  
  60  5:40  Extractor  
  59  5:42  Drone  
  59  5:43  Drone x2  
  59  5:44  Drone  
  59  5:48  Ravager  
  62  5:58  Overlord x2  
  62  6:01  Drone, Extractor  
  62  6:02  Drone x3  
  65  6:05  Ravager  
  66  6:13  Ravager  
  65  6:22  Ravager  
  66  6:29  Queen, Ravager  
  66  6:30  Queen  
  71  6:40  Zergling x6  
  74  6:50  Ravager x3  
  72  7:05  Drone  
  68  7:27  Roach  
  68  7:28  Roach x5  
  77  7:44  Hatchery  
  76  7:57  Ravager x4  
  76  7:58  Ravager x2  
  82  7:59  Overlord x2  
  82  8:00  Drone  
  82  8:01  Drone x3, Queen x2  
  84  8:25  Roach x4  
  89  8:37  Roach x2  
  93  8:55  Queen  
  94  9:02  Lair  
  92  9:13  Hatchery  
  92  9:15  Roach  
  92  9:16  Roach x5  
  101  9:19  Ravager x5  
  103  9:34  Metabolic Boost  
  103  9:39  Queen  
  103  9:43  Zergling x18  
  111  9:53  Ravager  
  111  9:54  Ravager x5  
  117  10:03  Zergling x4  
  117  10:04  Zergling x6, Spore Crawler  
  121  10:14  Zergling x10  
  121  10:15  Zergling x4  
  125  10:39  Zergling x2  
  125  10:40  Zergling x18  
  129  10:49  Zergling x2  
  130  10:50  Zergling x2  
  131  11:13  Spire  
  131  11:16  Hatchery  
Tags
 
Add a new tag
Caveats
  • Supply blocks, unpowered buildings, or Contaminate may cause inaccurate times.
  • Supply counts are checked every 10 seconds.